 Dungeon Sprint DCSS version 0.30-a0-528-g8c47a4955b (webtiles) character file.

Game seed: 3154667849519228586

368 rocky1 the Carver (level 6, -1/76 HPs)
             Began as a Demonspawn Gladiator on Dec 24, 2022.
             Was an Initiate of Gozag.
             Killed from afar by a deep elf pyromancer (37 damage)
             ... with a bolt of fire
             ... in the Dungeon (Sprint III: "The Ten Rune Challenge").
             The game lasted 00:03:30 (1060 turns).

rocky1 the Carver (Demonspawn Gladiator)            Turns: 1060, Time: 00:03:30

Health: -1/76      AC: 23    Str: 15    XL:     6   Next: 41%
Magic:  6/6        EV:  2    Int:  9    God:    Gozag
Gold:   269        SH:  0    Dex: 16    Spells: 5/5 levels left

rFire   . . .      SeeInvis .    a - +0 long sword
rCold   . . .      Faith    .    (no shield)
rNeg    . . .      Spirit   .    (body armour currently unavailable)
rPois   +          Reflect  .    (helmet currently unavailable)
rElec   .          Harm     .    (cloak currently unavailable)
rCorr   .          Rampage  .    (gloves currently unavailable)
Will    .....      NoTele   +    (boots currently unavailable)
Stlth   +++                      (no amulet)
HPRegen 0.32/turn                (no ring)
MPRegen 0.10/turn                (no ring)

@: tree-form, gold aura, hasted, very quick
A: stationary, stasis, torment immunity, boosted hp, (horns 1), powered by pain
1, (sturdy frame 1)
a: Renounce Religion, Potion Petition, Call Merchant, Bribe Branch


You were in the Dungeon.
You worshipped Gozag.
Gozag was aware of your devotion.
You were a tree.
You visited 1 branch You collected 269 gold pieces.

Inventory:

Hand Weapons
 a - a +0 long sword (weapon)
Missiles
 d - 2 throwing nets (quivered)
 e - a javelin
Armour
 b - a +0 leather armour (melded)
 c - a +0 helmet
Wands
 j - a wand of paralysis (12)
Scrolls
 m - 2 scrolls of torment
 n - a scroll of identify
Potions
 f - a potion of curing
 g - 2 potions of heal wounds
 i - 2 potions of magic
 l - 3 potions of mutation
 o - 2 potions of flight


   Skills:
 + Level 5.0 Fighting
 + Level 8.5 Long Blades
 - Level 4.2 Throwing
 + Level 2.2 Armour
 + Level 6.8 Dodging
 + Level 3.6 Stealth
 * Level 1.0 Evocations


You had 5 spell levels left.
You didn't know any spells.
Your spell library contained the following spells:

 Spells                   Type           Power      Damage    Failure   Level
 Ignite Poison            Fire/Tmut/Pois 0%         N/A       77%         3
 Kindle Blastsparks       Fire/Tloc/Air  0%         2d10      77%         3
 Freezing Cloud           Conj/Ice/Air   0%         6-21      100%        5


Dungeon Overview and Level Annotations

Branches:
Dungeon (1/1)

Altars:
Cheibriados
Dithmenos
Fedhas
Gozag
Hepliaklqana
Kikubaaqudgha
Makhleb
Nemelex Xobeh
Okawaru
Qazlal
Ru
Sif Muna
Trog
Uskayaw
Vehumet
Wu Jian
Xom
Yredelemnul
Jiyva
Lugonu


Innate Abilities, Weirdness & Mutations

You are a tree.
Your roots penetrate the ground, keeping you stationary.
You cannot be teleported.
You are immune to unholy pain and torment.
Your maximum health is greatly increased.
Your equipment is partially melded.
((You have a pair of small horns on your head.))
You sometimes gain a little power by taking damage.
((Your movements are slightly less encumbered by armour. (ER -2)))


Message History

The human hits you but does no damage.
You slash the human!
The human is severely wounded.
The human hits you but does no damage.
You completely miss the human.
The human is severely wounded.
The human hits you!
You barely miss the human.
The human is severely wounded.
The human hits you but does no damage.
You barely miss the human.
The human is severely wounded.
The human hits you.
You hit the human.
The human is severely wounded.
The human hits you but does no damage.
You hit the human.
The human is almost dead.
The human hits you but does no damage.
You hit the human.
The human is almost dead.
The human hits you!
You barely miss the human.
The human is almost dead.
The human hits you but does no damage.
You barely miss the human.
The human is almost dead.
The human barely misses you.
You closely miss the human.
The human is almost dead.
The human hits you but does no damage.
You closely miss the human.
The human is almost dead.
The human hits you but does no damage.
You hit the human.
You kill the human!
The deep elf pyromancer casts a spell at you.
The bolt of fire hits you!!!
You die...
Your body crumbles into a pile of gold.

▓▓▓▓▓▓▓▓▓▓▓▓ ▓▓▓ <.#..'.....♣
♣.##### ######$$ ..#..#....♣♣♣
♣♣.#___#___#__# $ #'####......♣
♣..#!..#_p)#._# ..†..#....~.♣♣
♣♣###e#'###)## $
.....#...~~♣.♣♣♣$#..........#$$
.....#..~~~~♣.♣.e'.⌠........#$
$$
####'#..~≈≈~~~♣♣.#...######'#
.....#.~~≈~~~....#.p.#__#...#
.....#.~≈~~~.....#...#v_#...#
.....#.~~~.......#'###__#...#
'#####...........#.).#__#...+
.................#___#__+...#


You could see a deep elf pyromancer and a human.

Vanquished Creatures
  A shadow (D)
  A necrophage (D)
  A water elemental (D)
  A jelly (D)
  A necromancer (D)
  A kobold demonologist (D)
  2 humans (D)
  A phantom (D)
  4 rats (D)
13 creatures vanquished.

Vanquished Creatures (others)
  A wizard (D)
1 creature vanquished.

Grand Total: 14 creatures vanquished

Notes
Turn   | Place    | Note
-------+----------+-------------------------------------------
     0 | D        | rocky1 the Demonspawn Gladiator began the quest for the
                  | Orb.
     0 | D        | Reached XP level 1. HP: 16/16 MP: 1/1
     6 | D        | Reached skill level 3 in Long Blades
    54 | D        | Reached skill level 4 in Long Blades
    54 | D        | Gained mutation: You sometimes gain a little power by
                  | taking damage. [demonic ancestry]
    54 | D        | Reached XP level 2. HP: 18/23 MP: 2/2
   170 | D        | Noticed a water elemental
   174 | D        | Killed a water elemental
   175 | D        | Reached skill level 5 in Long Blades
   175 | D        | Reached skill level 1 in Armour
   175 | D        | Reached skill level 1 in Stealth
   175 | D        | Gained mutation: Your movements are slightly less
                  | encumbered by armour. (ER -2) [demonic ancestry]
   175 | D        | Reached XP level 3. HP: 29/29 MP: 3/3
   175 | D        | Gained mutation: You have a pair of small horns on your
                  | head. [demonic ancestry]
   175 | D        | Reached XP level 4. HP: 35/35 MP: 4/4
   401 | D        | Reached skill level 6 in Long Blades
   401 | D        | Reached skill level 5 in Dodging
   415 | D        | Noticed a shadow
   422 | D        | Killed a shadow
   423 | D        | Reached skill level 7 in Long Blades
   423 | D        | Reached XP level 5. HP: 6/43 MP: 5/5
   564 | D        | Found a blossoming altar of Fedhas.
   564 | D        | Found a stormy altar of Qazlal.
   564 | D        | Found a snail-covered altar of Cheibriados.
   564 | D        | Found a burning altar of Makhleb.
   564 | D        | Found a shimmering altar of Xom.
   564 | D        | Noticed a spatial vortex
   565 | D        | Found a hazy altar of Hepliaklqana.
   565 | D        | Found an opulent altar of Gozag.
   565 | D        | Found a sparkling altar of Nemelex Xobeh.
   565 | D        | Found a corrupted altar of Lugonu.
   565 | D        | Found a viscous altar of Jiyva.
   570 | D        | Became a worshipper of Gozag Ym Sagoz the Greedy
   676 | D        | Found a basalt altar of Yredelemnul.
   676 | D        | Found a shadowy altar of Dithmenos.
   676 | D        | Found a sacrificial altar of Ru.
   683 | D        | Reached XP level 6. HP: 49/49 MP: 6/6
   693 | D        | Reached skill level 8 in Long Blades
   718 | D        | Found a radiant altar of Vehumet.
   718 | D        | Found a shimmering blue altar of Sif Muna.
   718 | D        | Found an ancient bone altar of Kikubaaqudgha.
   726 | D        | Reached skill level 5 in Fighting
   733 | D        | Reached skill level 1 in Evocations
   889 | D        | Noticed a deep elf pyromancer
   894 | D        | Noticed a fire elemental
  1026 | D        | Found a hide-covered altar of Uskayaw.
  1027 | D        | Found an iron altar of Okawaru.
  1027 | D        | Found a bloodstained altar of Trog.
  1027 | D        | Found an ornate altar of the Wu Jian Council.
  1027 | D        | Noticed a human
  1030 | D        | Noticed a human
  1060 | D        | Killed a human
  1060 | D        | Killed from afar by a deep elf pyromancer

Illustrated notes

Levels and vault maps discovered:
D:        dungeon_sprint_mu [sprint_mu_entry_forest, sprint_mu_temple_rooms,
          sprint_mu_d1_spiders, sprint_mu_d2_genie, sprint_mu_d3_branching,
          sprint_mu_orc_legion, sprint_mu_elf_gauntlet, sprint_mu_hive_nellie,
          sprint_mu_lair_fedhas, sprint_mu_vaults_butterflies,
          sprint_mu_slime_circle, sprint_mu_swamp_cave, sprint_mu_snake_twists,
          sprint_mu_blade_basic, sprint_mu_crypt_lich, sprint_mu_tomb_spiral,
          sprint_mu_vestibule_basic, sprint_mu_gehenna_hellfire,
          sprint_mu_dis_giant, sprint_mu_tartarus_statrot,
          sprint_mu_cocytus_islands, sprint_mu_zot1]

Skill      XL: |  1  2  3  4  5  6 |
---------------+-------------------+-----
Long Blades    | 4 5 7 8 |  8.5
Dodging        | 3 4 6 |  6.8
Throwing       | 2 3 4 |  4.2
Fighting       | 3 4 5 |  5.0
Armour         | 1 2 |  2.2
Stealth        | 1 3 |  3.6
Evocations     | 1 |  1.0

Action                   |  1- 3 |  4- 6 || total
-------------------------+-------+-------++-------
Melee: Long sword        |    26 |    59 ||    85
       Punch             |     1 |       ||     1
       Headbutt          |       |     5 ||     5
Throw: Throwing net      |     3 |       ||     3
Evoke: Wand              |       |     1 ||     1
  Use: Potion            |     1 |     2 ||     3
       Scroll            |       |     4 ||     4
 Stab: Held in net/web   |     1 |       ||     1
       Sleeping          |       |     2 ||     2
Armor: Leather armour    |     5 |     3 ||     8
       Skin              |       |    11 ||    11
Dodge: Dodged            |    14 |    24 ||    38

Table legend: (Time is in decaauts)
 A = Elapsed time spent in this place.
 B = Non-inter-level travel time spent in this place.
 C = Inter-level travel time spent in this place.
 D = Time resting spent in this place.
 E = Time spent auto-exploring this place.
 F = Levels seen in this place.
 G = Mean time per level.
                   A        B        C        D        E       F      G
               +--------+--------+--------+--------+--------+-----+--------+
         Total |   1071 |   1071 |      0 |    770 |     20 |   1 | 1071.0 |
       Dungeon |   1071 |   1071 |      0 |    770 |     20 |   1 | 1071.0 |
               +--------+--------+--------+--------+--------+-----+--------+

Top non-repeatable levels by time:
       D: 1071 daAuts
